 Dungeon Crawl Stone Soup version 0.27.0-1-g7a089689b8 (webtiles) character file.

Game seed: 4593877790989524821

60289 Spaninq the Impaler (level 14, -12/116 HPs)
             Began as a Merfolk Ice Elementalist on Aug 3, 2021.
             Was the Champion of Kikubaaqudgha.
             Mangled by a white ugly thing (31 damage)
             ... on level 14 of the Dungeon.
             The game lasted 01:10:26 (27994 turns).

Spaninq the Impaler (Merfolk Ice Elementalist)     Turns: 27994, Time: 01:10:28

Health: -12/116    AC: 23    Str: 22    XL:     14   Next: 98%
Magic:  17/17      EV: 17    Int: 18    God:    Kikubaaqudgha [******]
Gold:   1912       SH:  8    Dex: 15    Spells: 16/17 levels left

rFire    . . .     SeeInvis .   o - +1 trident (elec)
rCold    . . .     Faith    .   u - +1 buckler {AC+3}
rNeg     . . .     Spirit   .   J - +2 scale mail {Will+}
rPois    .         Reflect  .   O - +2 helmet {Int+3}
rElec    .         Harm     .   v - +0 cloak
rCorr    .         Rampage  .   b - +1 pair of gloves
Will     ++...                  Q - +2 pair of boots
Stlth    +.........             (no amulet)
HPRegen  0.29/turn              g - +6 ring of strength
MPRegen  0.15/turn              l - ring of Tender Moments {AC+4 Str+4}

@: corroded
A: (nimble swimmer 2), mertail
a: Renounce Religion, Receive Corpses, Torment, Brand Weapon With Pain, Receive
Forbidden Knowledge


You were on level 14 of the Dungeon.
You worshipped Kikubaaqudgha.
Kikubaaqudgha was exalted by your worship.
You visited 5 branches of the dungeon, and saw 23 of its levels.
You also visited: Sewer and Volcano.

You collected 2143 gold pieces.
You spent 231 gold pieces at shops.

Inventory:

Hand Weapons
 o - a +1 trident of electrocution (weapon)
 P - a +3 scimitar of flaming
Armour
 b - a +1 pair of gloves (worn)
 u - a +1 buckler of protection (worn)
 v - a +0 cloak (worn)
 J - a +2 scale mail of willpower (worn)
 O - a +2 helmet of intelligence (worn)
 Q - a +2 pair of boots (worn)
 T - a +0 kite shield
Jewellery
 a - a ring of willpower
 g - a +6 ring of strength (left hand)
 k - a ring of see invisible
 l - the ring of Tender Moments (right hand) {AC+4 Str+4}
   (You found it on level 5 of the Dungeon)

   [ring of protection]

   AC:        It affects your AC (+4).
   Str:       It affects your strength (+4).
 t - a ring of wizardry
 y - a +4 ring of evasion
 M - the ring "Xaame Torr" {Will+ Dex+5}
   (You found it on level 9 of the Dungeon)

   [ring of willpower]

   Dex:       It affects your dexterity (+5).
   Will:      It increases your willpower.
 N - a ring of protection from cold
 U - a ring of flight
Wands
 p - a wand of iceblast (23)
 z - a wand of charming (25)
 E - a wand of polymorph (8)
 H - a wand of paralysis (15)
 L - a wand of flame (38)
 S - a wand of mindburst (28)
Scrolls
 m - a scroll of blinking
 n - 10 scrolls of teleportation
 q - 2 scrolls of enchant weapon
 s - 5 scrolls of amnesia
 x - 3 scrolls of enchant armour
 B - 2 scrolls of fear
 C - a scroll of holy word
 G - 3 scrolls of silence
 K - 3 scrolls of magic mapping
Potions
 c - 14 potions of curing
 d - 5 potions of flight
 e - 4 potions of mutation
 f - 2 potions of resistance
 h - 2 potions of berserk rage
 i - 2 potions of invisibility
 r - 4 potions of heal wounds
 w - 2 potions of ambrosia
 A - 4 potions of brilliance
 D - 7 potions of haste
 I - 2 potions of lignification
 R - 3 potions of degeneration {unknown}
Miscellaneous
 j - a phial of floods
 F - a lightning rod (4/4)


   Skills:
 + Level 12.6 Fighting
 + Level 15.1 Polearms
 + Level 8.5 Armour
 + Level 14.5 Dodging
 - Level 2.1 Stealth
 + Level 10.3 Shields
 - Level 2.0 Spellcasting
 - Level 6.7 Necromancy
 - Level 4.3 Ice Magic


You had 16 spell levels left.
You knew the following spells:

 Your Spells              Type           Power      Damage    Failure   Level
a - Freeze                Ice            68%        1d8       7%          1

Your spell library contained the following spells:

 Spells                   Type           Power      Damage    Failure   Level
 Animate Skeleton         Necr           52%        N/A       2%          1
 Pain                     Necr           100%       1d9       2%          1
 Sublimation of Blood     Necr           13%        N/A       3%          2
 Vampiric Draining        Necr           13%        2d7       8%          3
 Corpse Rot               Necr/Air       N/A        N/A       16%         2
 Frozen Ramparts          Ice            34%        1d5       21%         3
 Ozocubu's Armour         Ice            17%        N/A       21%         3
 Ensorcelled Hibernation  Hex/Ice        18%        N/A       26%         2
 Dispel Undead            Necr           26%        3d13      26%         4
 Apportation              Tloc           2%         N/A       38%         1
 Corona                   Hex            1%         N/A       38%         1
 Foxfire                  Conj/Fire      4%         2x1d4     38%         1
 Magic Dart               Conj           4%         1d3       38%         1
 Summon Small Mammal      Summ           4%         N/A       38%         1
 Blink                    Tloc           N/A        N/A       52%         2
 Call Imp                 Summ           1%         N/A       52%         2
 Slow                     Hex            1%         N/A       52%         2
 Wereblood                Tmut           1%         N/A       52%         2
 Agony                    Necr           26%        N/A       56%         5
 Call Canine Familiar     Summ           1%         N/A       77%         3
 Confusing Touch          Hex            1%         N/A       77%         3
 Conjure Flame            Conj/Fire      1%         6-21      77%         3
 Inner Flame              Hex/Fire       1%         N/A       77%         3
 Mephitic Cloud           Conj/Pois/Air  1%         N/A       77%         3
 Spider Form              Tmut/Pois      0%         N/A       77%         3
 Summon Guardian Golem    Hex/Summ       1%         N/A       77%         3
 Tukima's Dance           Hex            1%         N/A       77%         3
 Hailstorm                Conj/Ice       9%         3d4       86%         4
 Borgnjor's Vile Clutch   Necr/Erth      6%         N/A       96%         5
 Death Channel            Necr           13%        N/A       98%         6
 Fulminant Prism          Conj/Hex       0%         3d6       99%         4
 Iskenderun's Mystic Bla  Conj/Tloc      1%         2d3       99%         4
 Leda's Liquefaction      Hex/Erth       0%         N/A       99%         4
 Summon Lightning Spire   Summ/Air       1%         N/A       99%         4
 Alistair's Intoxication  Tmut/Pois      0%         N/A       100%        5
 Bolt of Magma            Conj/Fire/Erth 0%         4d4       100%        5
 Fireball                 Conj/Fire      0%         3d3       100%        5
 Lee's Rapid Deconstruct  Erth           0%         3d5*      100%        5
 Manifold Assault         Tloc           1%         N/A       100%        5
 Conjure Ball Lightning   Conj/Air       0%         3x3d6     100%        6
 Eringya's Noxious Bog    Tmut/Pois      0%         N/A       100%        6
 Simulacrum               Ice/Necr       10%        N/A       100%        6
 Starburst                Conj/Fire      0%         8x6d3     100%        6
 Statue Form              Tmut/Erth      0%         N/A       100%        6
 Storm Form               Tmut/Air       0%         N/A       100%        7
 Discord                  Hex            0%         N/A       100%        8
 Disjunction              Tloc           0%         N/A       100%        8
 Ignition                 Fire           0%         3d3       100%        8
 Maxwell's Capacitive Co  Air            0%         ∞         100%        8
 Necromutation            Tmut/Necr      6%         N/A       100%        8


Dungeon Overview and Level Annotations

Branches:
Dungeon (14/15)            Temple (1/1) D:5            Lair (5/6) D:11
 Shoals (1/4) Lair:2        Snake (0/4) Lair:4        Slime (0/5) Lair:5
    Orc (2/2) D:11            Elf (0/3) Orc:2        Vaults (0/5) D:13
  Sewer (visited)         Volcano (visited)

Altars:
Ashenzari
Cheibriados
Dithmenos
Fedhas
Gozag
Hepliaklqana
Kikubaaqudgha
Makhleb
Nemelex Xobeh
Okawaru
Qazlal
Ru
Sif Muna
Trog
Uskayaw
Vehumet
Wu Jian
Xom
Yredelemnul
Zin
The Shining One
Jiyva
Lugonu

Shops:
D:5 [   D:6 *   D:11 :

Annotations:
Lair:2 3 runed translucent doors, exclusion: oklob plant, Smaepdii's ghost, journeyman PaFi
Orc:2 Saint Roka


Innate Abilities, Weirdness & Mutations

((You are quick and stealthy near water. (Stealth+, EV+, Speed+++)))
Your lower body shifts to a powerful aquatic tail in water.


Message History

You block the brown ugly thing's attack.
You hit the brown ugly thing.
The brown ugly thing is severely wounded.
You puncture the brown ugly thing!
Lightning courses through the brown ugly thing!
You kill the brown ugly thing!
Kikubaaqudgha accepts your kill.
You hit the white ugly thing.
The white ugly thing is lightly wounded.
The white ugly thing headbutts you but does no damage.
You hit the white ugly thing.
Lightning courses through the white ugly thing!
The white ugly thing is lightly wounded.
You puncture the white ugly thing!
The white ugly thing is moderately wounded.
The white ugly thing closely misses you.
You puncture the white ugly thing!
The white ugly thing is heavily wounded.
You hit the white ugly thing.
Lightning courses through the white ugly thing!
The white ugly thing is severely wounded.
The white ugly thing headbutts you but does no damage.
You barely miss the white ugly thing.
The white ugly thing is severely wounded.
The white ugly thing headbutts you. The white ugly thing freezes you!!
* * * LOW HITPOINT WARNING * * *
You hit the white ugly thing but do no damage.
The white ugly thing is severely wounded.
You hit the white ugly thing.
The white ugly thing is severely wounded.
The white ugly thing headbutts you but does no damage.
You puncture the white ugly thing!
The white ugly thing is almost dead.
You closely miss the white ugly thing.
The white ugly thing is almost dead.
The white ugly thing headbutts you!
* * * LOW HITPOINT WARNING * * *
The white ugly thing freezes you!!
You die...
Kikubaaqudgha rasps: "You have failed me!
Welcome... death!"

#.#.# #.# #.# #.#..
##.####.### #.###
#.........# #.
#^.####.#.# #..# #.#.#
########..####÷#.#
............##.#.#
.###############.##.#.#
......u@.........##.#.#
###################.#.#
#....#.# #.####.#
#...)..# #.###### #.#
###


You could see a white ugly thing.

Vanquished Creatures
  Azrael (D:14)
  Snorg (Lair:3)
  Josephine (D:10)
  A boulder beetle (D:12)
  3 hydras
  Erica (D:11)
  2 centaur warriors (D:13)
  2 dancing weapons (D:13)
  A catoblepas (Lair:2)
  A two-headed ogre (D:10)
  Urug (D:10)
  An orc high priest (Orc:1)
  Sonja (D:11)
  5 skeletal warriors
  A wizard (D:11)
  Pikel (D:4)
  An orc knight (D:11)
  3 cyclopes
  9 ugly things
  A manticore (Lair:2)
  5 orc sorcerers
  22 elephants
  3 black mambas
  A smoke demon (Volcano)
  2 molten gargoyles (Volcano)
  5 cane toads
  2 rime drakes
  3 gargoyles
  An efreet (D:9)
  3 komodo dragons
  A freezing wraith (D:10)
  A polar bear (Lair:2)
  2 red devils (Volcano)
  5 trolls
  A wind drake (Lair:2)
  13 blink frogs
  A slime creature (D:9)
  4 dream sheep (Lair:4)
  Grinder (D:5)
  2 shadows
  4 wyverns
  Sigmund (D:2)
  10 wraiths
  A fire elemental (D:14)
  2 fire bats (Volcano)
  A golden eye (shapeshifter) (D:9)
  37 yaks
  3 basilisks
  A vampire mosquito (D:9)
  2 steam dragons
  2 nagas (Lair:4)
  A warg (D:11)
  2 acid dragons
  5 hell hounds
  3 water moccasins
  12 orc warriors
  A sky beast (D:6)
  An ice beast (D:8)
  A boggart (D:9)
  4 black bears
  5 ogres
  13 wolves
  11 centaurs
  A phantom (D:11)
  5 kobold brigands
  12 bullfrogs
  A gnoll sergeant (D:10)
  A scorpion (D:5)
  A water moccasin zombie (D:6)
  A troll zombie (D:11)
  A water moccasin skeleton (D:5)
  14 killer bees
  9 wights
  3 electric eels
  2 howler monkeys
  5 lava snakes (Volcano)
  2 centaur zombies
  Crazy Yiuf (D:2)
  9 orc priests
  A bullfrog skeleton (D:4)
  4 jellies
  A gnoll shaman (D:9)
  2 centaur skeletons
  3 iguanas
  A scorpion zombie (D:5)
  Natasha (thrice) (D:2)
  11 orc wizards
  5 ogre zombies (D:11)
  A hound zombie (D:5)
  A howler monkey skeleton (D:6)
  A howler monkey zombie (D:9)
  2 adders
  5 gnolls (D:10)
  A river rat (Sewer)
  A shadow imp (D:5)
  A white imp (D:5)
  3 worms
  2 dart slugs (D:2)
  50 orcs
  3 bats (D:1)
  5 endoplasms
  2 giant cockroaches
  3 goblins
  6 hobgoblins
  7 jackals
  19 kobolds
  A quokka (D:4)
  2 ball pythons
  2 frilled lizards
  5 goblin zombies (D:11)
  2 hobgoblin zombies (D:11)
  12 orc zombies (D:11)
  9 rats
484 creatures vanquished.

Vanquished Creatures (collateral kills)
  An orc priest (D:8)
1 creature vanquished.

Vanquished Creatures (others)
  A wizard (D:9)
  An orc warrior (D:8)
  11 fungi
  19 plants
32 creatures vanquished.

Grand Total: 517 creatures vanquished

Notes
Turn   | Place    | Note
-------+----------+-------------------------------------------
     0 | D:1      | Spaninq the Merfolk Ice Elementalist began the quest for
                  | the Orb.
     0 | D:1      | Reached XP level 1. HP: 13/13 MP: 3/3
   145 | D:1      | Reached skill level 1 in Fighting
   558 | D:1      | Reached XP level 2. HP: 22/22 MP: 3/5
   698 | D:1      | Found a faded altar of an unknown god.
   707 | D:1      | Became a worshipper of Kikubaaqudgha
   707 | D:1      | Reached * piety under Kikubaaqudgha
   707 | D:1      | Received a gift from Kikubaaqudgha
   722 | D:1      | Reached skill level 1 in Polearms
  1173 | D:2      | Noticed Sigmund
  1374 | D:2      | Noticed Natasha
  2379 | D:2      | Reached skill level 2 in Polearms
  2404 | D:2      | Reached XP level 3. HP: 27/27 MP: 3/6
  2691 | D:2      | Killed Natasha
  2692 | D:2      | Reached skill level 3 in Polearms
  2692 | D:2      | Reached XP level 4. HP: 21/34 MP: 0/7
  3141 | D:2      | Found a runed translucent door.
  3142 | D:2      | Noticed Crazy Yiuf
  3264 | D:3      | Found a burning altar of Makhleb.
  3443 | D:3      | Reached skill level 4 in Polearms
  3767 | D:2      | Noticed Natasha
  3932 | D:3      | Reached XP level 5. HP: 15/41 MP: 0/8
  4247 | D:3      | Reached ** piety under Kikubaaqudgha
  4248 | D:3      | Reached skill level 5 in Polearms
  4535 | D:4      | Found a shimmering blue altar of Sif Muna.
  4640 | D:4      | Found a shadowy altar of Dithmenos.
  4643 | D:4      | Found an iron altar of Okawaru.
  4646 | D:4      | Found a stormy altar of Qazlal.
  4735 | D:4      | Noticed a lemure
  4735 | D:4      | Noticed a lemure
  4735 | D:4      | Noticed a lemure
  4737 | D:4      | Noticed Pikel
  4768 | D:4      | Killed Pikel
  4769 | D:4      | Reached skill level 8 in Polearms
  4769 | D:4      | Reached skill level 5 in Dodging
  4769 | D:4      | Reached XP level 6. HP: 21/49 MP: 9/9
  4769 | D:4      | Reached XP level 7. HP: 24/55 MP: 10/10
  4850 | D:4      | Found a glowing drain.
  4860 | Sewer    | Entered a sewer
  5044 | Sewer    | Found a white marble altar of Elyvilon.
  5996 | D:5      | Entered Level 5 of the Dungeon
  6040 | D:5      | Reached XP level 8. HP: 56/61 MP: 11/11
  6081 | D:5      | Reached skill level 5 in Fighting
  6184 | D:5      | Reached skill level 9 in Polearms
  6187 | D:5      | Found a staircase to the Ecumenical Temple.
  6196 | Temple   | Entered the Ecumenical Temple
  6289 | D:5      | Identified the ring of Tender Moments {AC+4 Str+4}
  6301 | D:5      | Reached skill level 1 in Armour
  6613 | D:5      | Found Zataakio's Armour Shop.
  6859 | D:5      | Noticed Grinder
  6862 | D:5      | Paralysed by Grinder for 5 turns
  6868 | D:5      | Killed Grinder
  7034 | D:5      | Found an opulent altar of Gozag.
  7035 | D:5      | Found a glowing silver altar of Zin.
  7129 | D:5      | Reached skill level 10 in Polearms
  7148 | D:6      | Found a hide-covered altar of Uskayaw.
  7275 | D:6      | Reached XP level 9. HP: 55/69 MP: 12/12
  7358 | D:6      | Reached *** piety under Kikubaaqudgha
  7358 | D:6      | Received a gift from Kikubaaqudgha
  7653 | D:6      | Reached skill level 11 in Polearms
  7735 | D:6      | Found Xicedyun's Neck Hole.
  7890 | D:5      | Bought a +1 buckler of protection for 231 gold pieces
  7964 | D:2      | Killed Sigmund
  8009 | D:2      | Killed Crazy Yiuf
  8010 | D:2      | Reached skill level 1 in Shields
  8060 | D:2      | Killed Natasha
  8150 | D:2      | Noticed Natasha
  8156 | D:2      | Killed Natasha
  8634 | D:7      | Identified the +1 robe of Amof {Harm rElec rPois}
  9238 | D:8      | Reached skill level 12 in Polearms
  9360 | D:8      | Reached XP level 10. HP: 69/79 MP: 13/13
  9411 | D:8      | Identified the ring of Anky {Fly rF- rN+ Str+3}
 10437 | D:8      | Found a hazy altar of Hepliaklqana.
 10704 | D:9      | Found a glowing golden altar of the Shining One.
 10782 | D:9      | Found a bloodstained altar of Trog.
 10783 | D:9      | Noticed a wizard
 10789 | D:9      | Killed a wizard
 10820 | D:9      | Found a broken altar of Ashenzari.
 10857 | D:9      | Reached **** piety under Kikubaaqudgha
 10858 | D:9      | Reached skill level 13 in Polearms
 11839 | D:10     | Entered Level 10 of the Dungeon
 11846 | D:10     | Found a blossoming altar of Fedhas.
 11847 | D:10     | Noticed Urug
 11861 | D:10     | Killed Urug
 12173 | D:10     | Reached XP level 11. HP: 86/86 MP: 14/14
 12252 | D:10     | Found a basalt altar of Yredelemnul.
 12304 | D:10     | Reached skill level 14 in Polearms
 12443 | D:10     | Noticed Josephine
 12557 | D:10     | Killed Josephine
 12558 | D:10     | Reached skill level 1 in Necromancy
 12562 | D:10     | Noticed a two-headed ogre
 12577 | D:10     | Reached skill level 5 in Shields
 12585 | D:10     | Killed a two-headed ogre
 12740 | D:10     | Noticed a cyclops
 12759 | D:10     | Killed a cyclops
 12760 | D:10     | Reached skill level 10 in Dodging
 12780 | D:10     | Reached ***** piety under Kikubaaqudgha
 13056 | D:9      | Noticed an orc sorcerer
 13056 | D:9      | Noticed an orc sorcerer
 13058 | D:9      | Noticed an orc sorcerer
 13071 | D:9      | Killed an orc sorcerer
 13081 | D:9      | Killed an orc sorcerer
 13097 | D:9      | Killed an orc sorcerer
 13098 | D:9      | Reached skill level 5 in Armour
 13111 | D:9      | Identified the ring "Xaame Torr" {Will+ Dex+5}
 13384 | D:9      | Identified the +3 chain mail of Shadows and Fog {Fly rElec
                  | rF- Int+7}
 13412 | D:9      | Noticed a cyclops
 13416 | D:9      | Killed a cyclops
 13422 | D:9      | Reached XP level 12. HP: 61/95 MP: 15/15
 13424 | D:9      | Identified the +3 dagger "Plog" {speed, rN++ Str-3}
 13766 | D:11     | Found Gonim's Book Boutique.
 13965 | D:11     | Found a staircase to the Orcish Mines.
 14066 | D:11     | Noticed Sonja
 14476 | D:11     | Noticed a death knight
 14841 | D:10     | Reached skill level 5 in Necromancy
 15165 | D:11     | Noticed Erica
 15186 | D:11     | Killed Erica
 15366 | D:11     | Found a staircase to the Lair.
 15556 | D:11     | Killed Sonja
 16162 | Orc:1    | Entered Level 1 of the Orcish Mines
 16175 | Orc:1    | Found a radiant altar of Vehumet.
 16176 | Orc:1    | Noticed an orc high priest
 16514 | Orc:1    | Killed an orc high priest
 16638 | Orc:1    | Reached skill level 10 in Fighting
 17323 | Orc:2    | Entered Level 2 of the Orcish Mines
 17503 | Orc:2    | Found a staircase to the Elven Halls.
 17679 | Orc:2    | Noticed Saint Roka
 18133 | Lair:1   | Entered Level 1 of the Lair of Beasts
 18341 | Lair:1   | Reached XP level 13. HP: 102/103 MP: 16/16
 18436 | Lair:1   | Reached ****** piety under Kikubaaqudgha
 19029 | Lair:2   | Found a hazy altar of Hepliaklqana.
 19413 | Lair:2   | Found a staircase to the Shoals.
 19573 | Lair:2   | Got the Handbook of Shifting Attacks
 19608 | Lair:2   | Found a dark tunnel.
 19617 | Volcano  | Entered a volcano
 20176 | Volcano  | Found a radiant altar of Vehumet.
 21221 | Lair:2   | Found a runed translucent gate.
 21222 | Lair:2   | Found a runed translucent gate.
 21223 | Lair:2   | Found a runed translucent gate.
 21224 | Lair:2   | Noticed Smaepdii's ghost (journeyman PaFi)
 21979 | Lair:3   | Noticed Snorg
 21998 | Lair:3   | Killed Snorg
 22330 | Lair:3   | Reached XP level 14. HP: 113/113 MP: 17/17
 22664 | Lair:4   | Found a staircase to the Snake Pit.
 24772 | Lair:5   | Found a viscous altar of Jiyva.
 24775 | Lair:5   | Found a staircase to the Slime Pits.
 25075 | Shoals:1 | Entered Level 1 of the Shoals
 25585 | D:12     | Reached skill level 10 in Shields
 27030 | D:13     | Found a gate to the Vaults.
 27480 | D:13     | Got the Papyrus of Transmutation and Envenoming
 27611 | D:14     | Reached skill level 15 in Polearms
 27632 | D:14     | Noticed Azrael
 27667 | D:14     | Killed Azrael
 27994 | D:14     | Mangled by a white ugly thing

Illustrated notes

Levels and vault maps discovered:
D:1:      evilmike_arrival_plus, layout_basic,
          hellmonk_ecumenical_altar_crossroads, minmay_split_cup_large
D:2:      layout_rooms, minmay_quadrilaterals, uniq_natasha, uniq_sigmund,
          uniq_crazy_yiuf_cottage
D:3:      layout_basic, mainiacjoe_overflow_24_doors, minmay_misc_feat_enclosed,
          minmay_misc_feat_chi
D:4:      layout_basic, nicolae_overflow_hidden_temple,
          nicolae_sif_muna_condensation, grunt_temple_overflow_diamond,
          portal_sewer_entry_d, uniq_pikel
D:5:      layout_basic, grunt_temple_overflow_gold_and_silver,
          minmay_temple_entry_arrows, serial_shops, nicolae_shop_trees,
          uniq_grinder
D:6:      layout_basic, nicolae_overflow_crystal_walls,
          nicolae_shop_sticking_my_neck_out
D:7:      layout_basic, chequers_jeans
D:8:      layout_basic, nicolae_hepliaklqana_hippocampus
D:9:      minmay_the_grid_4x2 [minmay_the_grid_x, minmay_the_grid_slots,
          minmay_the_grid_box_x, minmay_the_grid_all_tris, minmay_the_grid_fan,
          minmay_the_grid_tri_star, minmay_the_grid_doors,
          minmay_the_grid_prize_four_corners_diamond_a], layout_cave_pools,
          tso_metal_star, trog_wizard, mainiacjoe_overflow_boulevard,
          minmay_diced_spiral
D:10:     layout_cave_pools, mainiacjoe_overflow_small_starburst,
          mainiacjoe_overflow_paths, minmay_increasing_density, uniq_josephine,
          uniq_urug
D:11:     layout_cross, lair_entry_dummy, zombieorc1_lemuel, serial_shops, shop,
          uniq_erica, uniq_sonja
D:12:     layout_loops_corners
D:13:     layout_irregular_city, erik_vaults_1
D:14:     layout_basic, uniq_azrael, uniq_rupert, uniq_louise
Temple:   corrupted_temple
Lair:1:   layout_chaotic_city, cheibrodos_lair_caveside_slide
Lair:2:   layout_regular_city, minmay_shoals_entry_beasts,
          nicolae_volcano_entry_hallway, basic_altar,
          gammafunk_ghost_necromancy, chequers_serial_rivers_large_a,
          gammafunk_lair_bear_cave, serial_bayou_shore_b,
          minmay_lair_oklob_chamber
Lair:3:   layout_gridlike, uniq_snorg
Lair:4:   layout_long_grid, guppyfry_snake_entry_island, serial_bayou,
          serial_bayou_pond_d, serial_bayou_lagoon_a, serial_bayou_pond_a,
          serial_bayou_shore_b, chequers_serial_rivers_small_a
Lair:5:   layout_hall_layers, slime_altar_1
Shoals:1: layout_shoals, serial_shops, shop, uniq_jorgrun
Orc:1:    layout_diamond_mine, basic_altar
Orc:2:    st_orc_congregation, layout_diamond_mine, uniq_saint_roka

Skill      XL: |  1  2  3  4  5  6  7  8  9 10 11 12 13 14 |
---------------+-------------------------------------------+-----
Fighting       | 1 2 3 4 6 7 8 9 10 11 12 | 12.6
Polearms       | 2 3 4 8 10 12 13 14 15 | 15.1
Dodging        | 3 5 6 8 9 10 11 13 14 | 14.5
Armour         | 2 3 4 5 6 7 8 |  8.5
Shields        | 3 4 6 7 9 10 | 10.3
Necromancy     | 4 6 |  6.7
Stealth        | |  2.1
Spellcasting   | |  2.0
Ice Magic      | |  4.3

Action                   |  1- 3 |  4- 6 |  7- 9 | 10-12 | 13-15 || total
-------------------------+-------+-------+-------+-------+-------++-------
Melee: Dagger            |    38 |    36 |       |       |       ||    74
       Unarmed           |     2 |       |       |       |       ||     2
       Trident           |       |    56 |   278 |   884 |  1125 ||  2343
       Tailslap          |       |       |       |       |     2 ||     2
 Cast: Freeze            |    37 |    42 |       |       |     2 ||    81
Evoke: Wand              |       |       |       |     1 |       ||     1
  Use: Scroll            |       |     6 |     8 |     5 |     8 ||    27
       Potion            |       |       |       |     1 |     3 ||     4
 Stab: Sleeping          |     6 |     1 |     1 |       |       ||     8
       Distracted        |     1 |     1 |       |     1 |     1 ||     4
       Petrified         |       |       |       |       |     5 ||     5
Armor: Robe              |    15 |    20 |     1 |       |       ||    36
       Plate armour      |       |       |   107 |    45 |       ||   152
       Ring mail         |       |       |       |    15 |       ||    15
       Scale mail        |       |       |       |   133 |   256 ||   389
Dodge: Dodged            |    40 |    69 |    73 |   295 |   419 ||   896
Block: Buckler           |       |       |    15 |   178 |   202 ||   395
